← All builds
Beach sea / Legion / Economy first / OBSERVED BUILD

Standard beach sea

Builds a shipyard early, gets a Syracusia out fast to contest or scout enemy sea entry, then expands into an Advanced Metal Extractor and more navy over the first 15 minutes.

Usually shipyard first (76%)

#naval #eco · 21 distinct matches · 14 players · 78% of Legion Beach sea games · team won 24% of 21 · Recently observed

HOW TO PLAY IT

Key timing: First Syracusia by 4:42

  1. Take 3 mex, then send the commander to build the shipyard.
  2. Get the shipyard up fast to start early sea presence.
  3. Add tidal generators for the energy to sustain frigate output.
  4. Push the first Syracusia out to contest or scout the sea.
  5. Bring advanced mex online to catch up economy for the late game.

Phase by phase

TYPICAL OF ITS 21 GAMES
  1. 1
  2. 2
  3. 3
PLAY THE OPENING

Follow the example game's first 6:00 step by step: what to build now, what comes next, and where it goes. At 1× it keeps pace with your own game.

  1. 1

    Up to the Shipyard

    Economy
    • Metal Extractor3Mex
    • Wind Turbine4Wind
    • Energy Storage1Energy storage
    Order
    1. ShipyardShipyard after 3 mex, 4 wind, 1 energy storagedone ~2:04, middle half 1:42–2:26

    Some games also: wind for allies (48%)

    By 1:48 in all: 3 mex · 4 wind · 1 energy storage

    The example game in this phase · 4 steps
    1. Mex ×3
    2. Wind ×4
    3. Energy storage
    4. ShipyardShipyarddone 1:52 · typical 2:04
  2. 2

    Shipyard to 5:00

    Economy
    • Metal Extractor4Mex
    • Tidal Generator2Tidal
    Builders
    • Construction Ship2 Con ship
    Army
    • Iapetus1 Iapetus
    • Syracusia1 Syracusia
    • Legion Drone1 Legion Drone
    • Argonaut1 Argonaut

    Some games also: Naval Radar / Sonar Tower (48%) · Hippocampus (43%) · con turret (33%)

    By 5:00 in all: 8 mex · 5 wind · 2 tidal · 1 energy storage

    The example game in this phase · 20 steps
    1. Construction ShipCon ship ×2
    2. Mex
    3. ArgonautArgonaut
    4. Mex
    5. SyracusiaSyracusiadone 3:40 · typical 4:41
    6. Mex
    7. Tidal ×2
    8. Energy storagefor Geo
    9. Mex
    10. Legion DroneLegion Drone
    11. IapetusIapetus
    12. Mex
    13. Tidal
    14. Legion DroneLegion Drone
    15. Tidal
    16. SyracusiaSyracusia
    17. Tidal ×2
    18. Con turret
    19. Legion DroneLegion Drone
    20. SyracusiaSyracusia
  3. 3

    5:00 to 10:00

    Economy
    • Metal Extractor1Mex
    Builders
    • Dionysus1 Dionysus
    Army
    • Pharos1 Pharos
    • Legion Drone8 Legion Drone
    • Syracusia3 Syracusia
    • Argonaut1 Argonaut
    Other
    • Naval Radar / Sonar Tower1 Naval Radar / Sonar Tower

    Some games also: Iapetus (48%) · tidal (48%) · wind (43%) · con ship (43%) · Stheno (43%)

    By 10:00 in all: 9 mex · 5 wind · 4 tidal · 1 energy storage

    The example game in this phase · 79 steps
    1. Legion DroneLegion Drone ×2
    2. Wind ×2
    3. SyracusiaSyracusia
    4. BrambleBramble
    5. Wind
    6. Legion DroneLegion Drone
    7. Naval Radar / Sonar TowerNaval Radar / Sonar Tower
    8. Wind
    9. Naval Radar / Sonar TowerNaval Radar / Sonar Tower
    10. SthenoStheno
    11. Wind
    12. Legion DroneLegion Drone ×2
    13. Naval Radar / Sonar TowerNaval Radar / Sonar Tower
    14. Wind ×2
    15. SyracusiaSyracusia
    16. Legion DroneLegion Drone
    17. Energy storage
    18. Legion DroneLegion Drone
    19. SyracusiaSyracusia
    20. Naval Radar / Sonar TowerNaval Radar / Sonar Tower
    21. Energy storage
    22. Legion DroneLegion Drone
    23. Naval Radar / Sonar TowerNaval Radar / Sonar Tower
    24. Wind ×2
    25. Naval Radar / Sonar TowerNaval Radar / Sonar Tower
    26. Legion DroneLegion Drone
    27. Wind ×3
    28. Legion DroneLegion Drone
    29. Wind ×3
    30. DionysusDionysus
    31. Wind ×4
    32. SyracusiaSyracusia
    33. Wind
    34. Naval Construction Turret
    35. Mex
    36. Wind
    37. Naval Construction Turret
    38. Mex
    39. Naval Construction Turret
    40. Wind ×2
    41. Legion DroneLegion Drone
    42. Wind
    43. ArgonautArgonaut
    44. Legion DroneLegion Drone
    45. Wind
    46. Legion DroneLegion Drone
    47. ArgonautArgonaut
    48. Wind
    49. Legion DroneLegion Drone
    50. SyracusiaSyracusia
    51. Wind
    52. Legion DroneLegion Drone ×2
    53. Wind ×2
    54. Legion DroneLegion Drone
    55. Wind
    56. IapetusIapetus
    57. Radar TowerRadar Tower
    58. BrambleBramble
    59. Wind
    60. Legion DroneLegion Drone
    61. SyracusiaSyracusia
    62. Wind ×2
    63. Legion DroneLegion Drone
    64. Wind
    65. DionysusDionysus
    66. Wind
    67. DionysusDionysus
    68. Wind
    69. Legion DroneLegion Drone
    70. DionysusDionysus
    71. Wind ×8
    72. SyracusiaSyracusia
    73. Wind
    74. Advanced Metal ExtractorT2 mexnot finished by 15:00 · typical 9:35
    75. Wind
    76. Legion DroneLegion Drone
    77. Wind ×2
    78. Legion DroneLegion Drone ×2
    79. Wind ×5

Counts are medians over the build's games: half of them build more, half fewer. The example game is Rysica's (40 OS, 11/09/2026); pick another.

Team trades

IN AT LEAST 30% OF ITS GAMES

You hand over

  • Wind Turbine3 Wind to Airfirst at 1:49 · in 57% of games

You get

  • Hippotes1 Hippotes from Airfirst at 2:08 · in 33% of games
  • Construction Bot1 Con bot from Geofirst at 2:22 · in 52% of games
  • Lazarus1 Lazarus from Geofirst at 2:22 · in 43% of games
  • Advanced Construction Bot1 T2 con bot from Tech or Geofirst at 7:50 · in 76% of games

How it plays out

Typical game of this build, running totals by minute

Metal produced

010k20k30k
0:005:0010:0015:00

metal

Enemy metal destroyed

02.5k5k7.5k
0:005:0010:0015:00

metal

Own metal lost

02k4k6k
0:005:0010:0015:00

metal

21 games.

Show as table
ByMetal produced: This buildEnemy metal destroyed: This buildOwn metal lost: This build
1:0039800
2:0093500
3:00153100
4:002549030
5:0037535050
6:005011380120
7:0064571050280
8:0080321416650
9:0094481654730
10:001126829531010
11:001296240941616
12:001583242731626
13:001858449803245
14:002045058283401
15:002303264414707
WHAT THE NUMBERS SAY

Standard beach sea has by far the lowest team win rate of the six builds despite comparable early frigate timing, suggesting the natural resource disadvantage described for this role bites hard.

  • + First Syracusia at 4:42, faster than geo sea's 5:18 equivalent.
  • + Metal produced by 5:00 reaches 3704, close to other sea roles.
  • − Team win rate is only 21%, far below every other standard build shown.
  • − T2 factory completes in just 21% of games, the lowest tech follow-through listed.
THE EXAMPLE YOU ARE READING

Rysica

40.3 OS · 11/09/2026

Open source match ↗

3 received units · includes a constructor
753 metal received · 22521 energy received

Allied construction assistance is unknown. Timings are observations, not a promise of solo reproducibility.

Typical milestones

Shipyard2:04Middle 50%: 1:42–2:26 · n=21
Syracusia4:41Middle 50%: 3:58–5:46 · n=19
Advanced Metal Extractor9:35Middle 50%: 9:02–9:46 · n=15

Played most by

Rysica5games of this buildEpicTyrannus3games of this buildEXZoPrimer32games of this build[Crd]TheKingOfAll1game of this buildCommandoMan1game of this build